 Dungeon Crawl Stone Soup version 0.26-a0-720-g2a1d101370 (webtiles) character file.

Game seed: 13069759156834585654

879 lunkers the Digger (level 8, 0/41 HPs)
             Began as a Kobold Earth Elementalist on Nov 2, 2020.
             Slain by an orc warrior
             ... wielding a +0 battleaxe
              (14 damage)
             ... on level 5 of the Dungeon.
             The game lasted 00:12:21 (7142 turns).

lunkers the Digger (Kobold Earth Elementalist)      Turns: 7142, Time: 00:12:21

Health: 0/41       AC:  6    Str:  5    XL:     8   Next: 25%
Magic:  12/15      EV: 14    Int: 19    God:
Gold:   330        SH:  5    Dex: 15    Spells: 2/17 levels left

rFire    . . .     SeeInvis .   a - +2 dagger (venom)
rCold    . . .     Faith    .   x - +0 buckler
rNeg     . . .     Spirit   .   m - +0 robe (curse)
rPois    .         Reflect  .   c - +2 hat
rElec    .         Harm     .   (no cloak)
rCorr    .         Rampage  .   s - +1 pair of gloves
MR       .....                  (no boots)
Stlth    +++.......             (no amulet)
HPRegen  0.13/turn              (no ring)
MPRegen  0.14/turn              (no ring)

@: no status effects
A: small, nightstalker 3
a: no special abilities


You were on level 5 of the Dungeon.
You visited 1 branch of the dungeon, and saw 6 of its levels.

You collected 330 gold pieces.

Inventory:

Hand Weapons
 a - a +2 dagger of venom (weapon)
 k - a +1 dagger of flaming
 p - a +1 flail of protection
Missiles
 b - 54 stones (quivered)
 h - 57 poisoned darts
Armour
 c - a +2 hat (worn)
 m - a cursed +0 robe (worn)
 s - a +1 pair of gloves (worn)
 x - a +0 buckler (worn)
Scrolls
 d - 2 scrolls of blinking {unknown}
 e - a scroll of random uselessness {unknown}
 f - a scroll of enchant armour {unknown}
 g - 3 scrolls of remove curse {unknown}
 j - 3 scrolls of immolation {unknown}
 l - 2 scrolls of teleportation {unknown}
 o - 2 scrolls of magic mapping {unknown}
 q - 3 scrolls of enchant weapon {unknown}
 v - 3 scrolls of amnesia {unknown}
 y - a scroll of noise {unknown}
Potions
 i - 2 potions of might
 n - a potion of stabbing
 r - a potion of cancellation
 t - 2 potions of flight
 u - a potion of haste
 w - a potion of heal wounds {unknown}
 z - a potion of berserk rage {unknown}


   Skills:
 - Level 2.4 Dodging
 - Level 2.6 Stealth
 + Level 1.4 Shields
 + Level 5.2 Spellcasting
 + Level 1.4 Transmutations
 * Level 7.6 Earth Magic


You had 2 spell levels left.
You knew the following spells:

 Your Spells              Type           Power        Failure   Level
a - Sandblast             Erth           ####..       1%          1
b - Passwall              Tmut/Erth      ###.....     4%          2
c - Stone Arrow           Conj/Erth      ###...       11%         3
d - Petrify               Tmut/Erth      ###.....     26%         4
e - Lee's Rapid Deconstr  Erth           ####......   22%         5

Your spell library contained the following spells:

 Spells                   Type           Power        Failure   Level


Dungeon Overview and Level Annotations

Branches:
Dungeon (6/15)             Temple (0/1) D:6

Altars:
Cheibriados
Kikubaaqudgha
Ru


Innate Abilities, Weirdness & Mutations

You are small and have problems with some larger weapons.
You are completely attuned to the shadows.


Message History

Ouch! That really hurt!
* * * LOW HITPOINT WARNING * * *
Casting: Sandblast (safe; 1% risk of failure)
Confirm with . or Enter, or press ? or * to list all spells.
Aiming: Sandblast (safe; 1% risk of failure)
Press: ? - help, Shift-Dir - straight line, f/p - orc warrior
Aim: an orc warrior, wielding a +0 battleaxe and wearing a +0 chain mail The blast of sand hits the orc warrior but does no damage.
b - 54 stones You block the orc warrior's attack.
Casting: Sandblast (safe; 1% risk of failure)
Confirm with . or Enter, or press ? or * to list all spells.
Okay, then.
Casting: Sandblast (safe; 1% risk of failure)
Confirm with . or Enter, or press ? or * to list all spells.
Press: ? - help, Dir - move target cursor, p - orc warrior A rock wall.
You begin to meditate on the wall.
You continue meditating on the rock.
The orc warrior hits you with a +0 battleaxe!
You die...

#....##.<...#........##........#
##.........#.#>.......##........#
..######.#.#..........##........#
..# ###.####!......##...###...
..########.#.....................
..#......#.#.#.###.#####...###...
..#......#...#.....# #...# #.##
..#..._..###############...###.#
..#.)....#......@o.............#
###......#.#####################
###.##.#...# .....#.#.###
######.#.# #†#.# #.#.# #.#.#
#...#


You could see an orc warrior.

Vanquished Creatures
  An ice beast (D:5)
  3 ogres
  A centaur (D:5)
  A scorpion (D:2)
  A crimson imp (D:5)
  A hound (D:6)
  2 bullfrog skeletons
  A centaur skeleton (D:4)
  An iguana (D:4)
  8 adders
  2 white imps (D:5)
  2 ufetubi (D:5)
  An adder skeleton (D:4)
  2 worms
  4 dart slugs
  6 leopard geckos
  15 orcs
  4 giant cockroaches
  7 goblins
  8 hobgoblins
  3 jackals (D:4)
  3 quokkas
  A ball python (D:1)
  11 bats
  14 frilled lizards
  10 kobolds
  2 leopard gecko skeletons (D:4)
  9 rats
124 creatures vanquished.

Vanquished Creatures (others)
  4 plants (D:2)
4 creatures vanquished.

Grand Total: 128 creatures vanquished

Notes
Turn   | Place    | Note
-------+----------+-------------------------------------------
     0 | D:1      | lunkers the Kobold Earth Elementalist began the quest for
                  | the Orb.
     0 | D:1      | Reached XP level 1. HP: 10/10 MP: 3/3
   219 | D:1      | Reached XP level 2. HP: 15/15 MP: 3/5
   826 | D:1      | Reached XP level 3. HP: 19/19 MP: 2/6
  1288 | D:2      | Found a faded altar of an unknown god.
  1378 | D:2      | Learned a level 2 spell: Passwall
  1382 | D:2      | Learned a level 3 spell: Stone Arrow
  1403 | D:2      | Reached skill level 4 in Earth Magic
  1595 | D:2      | You fall into a shaft and drop 2 floors!
  1752 | D:3      | Reached XP level 4. HP: 13/24 MP: 4/8
  2677 | D:2      | Reached XP level 5. HP: 21/28 MP: 5/9
  2855 | D:2      | Reached skill level 5 in Earth Magic
  3698 | D:2      | Learned a level 4 spell: Petrify
  3894 | D:3      | Found a snail-covered altar of Cheibriados.
  4511 | D:4      | Reached XP level 6. HP: 32/32 MP: 9/11
  5071 | D:4      | Found a sacrificial altar of Ru.
  5632 | D:5      | Entered Level 5 of the Dungeon
  5687 | D:5      | Reached skill level 6 in Earth Magic
  5861 | D:5      | Reached XP level 7. HP: 30/36 MP: 8/13
  6205 | D:5      | Reached skill level 7 in Earth Magic
  6286 | D:5      | Reached skill level 1 in Shields
  6286 | D:5      | Reached skill level 5 in Spellcasting
  6286 | D:5      | Reached XP level 8. HP: 8/41 MP: 13/15
  6821 | D:5      | Learned a level 5 spell: Lee's Rapid Deconstruction
  6869 | D:5      | Found an ancient bone altar of Kikubaaqudgha.
  7090 | D:6      | Found a staircase to the Ecumenical Temple.
  7142 | D:5      | Slain by an orc warrior

Illustrated notes

Levels and vault maps discovered:
D:1:      psy_arrival_spokes, layout_loops_ring, minmay_liquid_box
D:2:      layout_loops_cross, chequers_ecumenical_altar_twisty,
          minmay_lizard_king
D:3:      layout_loops_ring, kennysheep_slug_shrine
D:4:      layout_basic, nicolae_overflow_hidden_temple, roderic_lattice_a,
          kennysheep_generic_room_7
D:5:      layout_basic, basic_altar, minmay_fire_ice_demons
D:6:      minmay_goblin_kobold_castle, layout_rooms,
          nemelex_xobeh_ov_fountains_minmay,
          minmay_temple_entry_statues_pillars, minmay_joined_circles,
          uniq_crazy_yiuf_cottage

Skill      XL: |  1  2  3  4  5  6  7 |
---------------+----------------------+-----
Earth Magic    | 4 5 6 7 |  7.6
Spellcasting   | 3 4 5 |  5.2
Shields        | 1 |  1.4
Dodging        | |  2.4
Stealth        | |  2.6
Transmutations | |  1.4

Action                   |  1- 3 |  4- 6 |  7- 9 || total
-------------------------+-------+-------+-------++-------
Melee: Dagger            |    21 |    53 |    23 ||    97
       Flail             |       |   113 |       ||   113
 Cast: Sandblast         |    49 |    59 |    29 ||   137
       Passwall          |       |     1 |     1 ||     2
  Use: Scroll            |       |     5 |     1 ||     6
       Potion            |       |     1 |       ||     1
 Stab: Sleeping          |     1 |     8 |     3 ||    12
Armor: Robe              |     4 |    44 |     4 ||    52
Dodge: Dodged            |    29 |   169 |    19 ||   217
Block: Buckler           |       |       |     3 ||     3

Table legend: (Time is in decaauts)
 A = Elapsed time spent in this place.
 B = Non-inter-level travel time spent in this place.
 C = Inter-level travel time spent in this place.
 D = Time resting spent in this place.
 E = Time spent auto-exploring this place.
 F = Levels seen in this place.
 G = Mean time per level.
                   A        B        C        D        E       F      G
               +--------+--------+--------+--------+--------+-----+--------+
         Total |   7192 |   7034 |    158 |     74 |   5873 |   6 | 1198.7 |
       Dungeon |   7192 |   7034 |    158 |     74 |   5873 |   6 | 1198.7 |
               +--------+--------+--------+--------+--------+-----+--------+

Top non-repeatable levels by time:
     D:2: 1806 daAuts
     D:3: 1517 daAuts
     D:5: 1422 daAuts
     D:4: 1232 daAuts
     D:1: 1125 daAuts
     D:6: 89 daAuts
